 Dungeon Crawl Stone Soup version 0.29-a0-824-gd827844252 (webtiles) character file.

Game seed: 6086821144296786042

4 LynnLen the Vexing (level 1, 13/13 HPs)
             Began as a Vampire Enchanter on July 10, 2022.
             Quit the game on level 1 of the Dungeon.
             The game lasted 00:02:07 (339 turns).

LynnLen the Vexing (Vampire Enchanter)               Turns: 339, Time: 00:02:08

Health: 13/13      AC:  2    Str:  7    XL:     1   Next: 50%
Magic:  3/3        EV: 12    Int: 17    God:
Gold:   22         SH:  0    Dex: 14    Spells: 4/4 levels left

rFire   . . .      SeeInvis +   a - +1 dagger
rCold   . . .      Faith    .   (no shield)
rNeg    . . .      Spirit   .   b - +0 robe
rPois   .          Reflect  .   (no helmet)
rElec   .          Harm     .   (no cloak)
rCorr   .          Rampage  .   (no gloves)
Will    .....                   (no boots)
Stlth   +++.......              (no amulet)
HPRegen 0.24/turn               (no ring)
MPRegen 0.08/turn               (no ring)

@: healing quickly
A: alive, fangs 3, see invisible, vampiric 1
a: Exsanguinate


You were on level 1 of the Dungeon.
You visited 1 branch of the dungeon, and saw 1 of its levels.

You collected 22 gold pieces.

Inventory:

Hand Weapons
 a - a +1 dagger (weapon)
Missiles
 e - 6 poisoned darts (quivered)
 f - 5 atropa-tipped darts
Armour
 b - a +0 robe (worn)
Jewellery
 g - an amulet of the acrobat
Potions
 c - a potion of invisibility
 d - a potion of brilliance {unknown}
 h - a potion of heal wounds {unknown}


   Skills:
 + Level 1.8 Short Blades
 - Level 2.1 Dodging
 - Level 4.4 Stealth
 - Level 2.0 Spellcasting
 - Level 4.4 Hexes


You had 4 spell levels left.
You didn't know any spells.
Your spell library contained the following spells:

 Spells                   Type           Power      Damage    Failure   Level
 Confusing Touch          Hex            16%        N/A       10%         3
 Tukima's Dance           Hex            16%        N/A       10%         3
 Ensorcelled Hibernation  Hex/Ice        18%        N/A       12%         2
 Dazzling Flash           Conj/Hex       18%        N/A       24%         3


Dungeon Overview and Level Annotations

Branches:
Dungeon (1/15)

Altars:


Innate Abilities, Weirdness & Mutations

Your natural rate of healing is accelerated.
You have razor-sharp teeth.
You have supernaturally acute eyesight. (SInv)
You are afflicted with vampirism.


Message History

Found a stone staircase leading down.
The ball python attacks as you move away!
The ball python bites you. The ball python barely misses you.
The ball python attacks as you move away!
The ball python barely misses you.
A rat comes into view.
The ball python closely misses you. The ball python grabs you.
The ball python constricts you.
The ball python's grasp on you weakens, but your attempt to escape fails.
The ball python bites you. The ball python constricts you.
You escape the ball python's grasp.
The ball python attacks as you move away!
The ball python bites you.
The ball python attacks as you move away!
The ball python misses you. The ball python closely misses you.
There is a stone staircase leading down here.
Okay, then.
You hit the ball python.
You kill the ball python!
There is a stone staircase leading down here.
The helpless rat fails to defend itself.
You impale the rat!!
You kill the rat!
You see here a rat corpse.
You start resting.
HP restored.
The frilled lizard hisses angrily.
You hit the frilled lizard.
You kill the frilled lizard!
You see here a frilled lizard corpse.
You now have 22 gold pieces (gained 7).
h - a cyan potion A rat comes into view.
Found 11 gold pieces.
A ball python comes into view.
The rat twitches its whiskers.
Found 12 gold pieces.
A giant cockroach comes into view.
Found 5 stones.
Are you sure you want to abandon this character and quit the game? (Confirm with "yes".)

###.####...S #...
#.........# #...
#.........# #...
#.........# #...
#.........#
#...####.........####
#....................
#.$.######.##########
#B..@....r.#
#...######## #(..
####


You could see a giant cockroach (asleep) and a rat.

Vanquished Creatures
  A ball python (D:1)
  A giant cockroach (D:1)
  A frilled lizard (D:1)
  A rat (D:1)
4 creatures vanquished.

Notes
Turn   | Place    | Note
-------+----------+-------------------------------------------
     0 | D:1      | LynnLen the Vampire Enchanter began the quest for the Orb.
     0 | D:1      | Reached XP level 1. HP: 13/13 MP: 3/3
   339 | D:1      | Quit the game

Illustrated notes

Levels and vault maps discovered:
D:1:      nagdon_arrival_zigzag_paths, layout_basic,
          shapermc_ecumenical_altar_gd

Action                   || total
-------------------------++-------
Melee: Dagger            ||    14
  Use: Potion            ||     1
 Stab: Sleeping          ||     1
Armor: Robe              ||     4
Dodge: Dodged            ||    17

Table legend: (Time is in decaauts)
 A = Elapsed time spent in this place.
 B = Non-inter-level travel time spent in this place.
 C = Inter-level travel time spent in this place.
 D = Time resting spent in this place.
 E = Time spent auto-exploring this place.
 F = Levels seen in this place.
 G = Mean time per level.
                   A        B        C        D        E       F      G
               +--------+--------+--------+--------+--------+-----+--------+
         Total |    338 |    338 |      0 |     17 |     34 |   1 |  338.0 |
       Dungeon |    338 |    338 |      0 |     17 |     34 |   1 |  338.0 |
               +--------+--------+--------+--------+--------+-----+--------+

Top non-repeatable levels by time:
     D:1: 338 daAuts
